 Dungeon Crawl Stone Soup version 0.22-a0-224-g8cf3520 (webtiles) character file.

303 Gorglomux the Chopper (level 6, -4/84 HPs)
             Began as a Minotaur Chaos Knight on Feb 19, 2018.
             Killed from afar by a white imp (9 damage)
             ... with a puff of frost
             ... summoned by Natasha
             ... on level 3 of the Dungeon.
             The game lasted 00:02:25 (2226 turns).

Gorglomux the Chopper (Minotaur Chaos Knight)       Turns: 2226, Time: 00:02:26

Health: -4/84      AC: 23    Str: 19    XL:     6   Next: 15%
Magic:  5/5        EV:  2    Int:  9    God:
Gold:   106        SH:  0    Dex:  9    Spells: 5/5 levels left

rFire    . . .     SeeInvis .   l - +0 hand axe
rCold    . . .     Gourm    .   (no shield)
rNeg     + + +     Faith    .   (armour currently unavailable)
rPois    +         Spirit   .   (helmet currently unavailable)
rElec    .         Reflect  .   (cloak currently unavailable)
rCorr    .         Harm     .   (gloves currently unavailable)
MR       .....     NoTele   +   (boots currently unavailable)
Stlth    +.........             (no amulet)
HPRegen  0.24/turn              (no ring)
MPRegen  0.09/turn              (no ring)

@: tree-form, slowed, very slow
A: (retaliatory headbutt)
a: no special abilities


You were on level 3 of the Dungeon.
You were not hungry.
You were a tree.
You visited 1 branch of the dungeon, and saw 3 of its levels.

You collected 106 gold pieces.

Inventory:

Hand Weapons
 a - a +0 hand axe of chaos
 l - a +0 hand axe (weapon)
Missiles
 i - 4 javelins (quivered)
 V - 4 steel javelins
Armour
 b - a +2 leather armour (melded)
Scrolls
 f - 3 scrolls of remove curse
 n - a scroll of fear {unknown}
 M - a scroll of magic mapping
 R - 2 scrolls of identify
 U - a scroll of immolation {unknown}
 W - a scroll of enchant weapon {unknown}
Potions
 d - a potion of might
 e - a potion of invisibility
Comestibles
 c - 4 rations
 S - 5 chunks of flesh


   Skills:
 + Level 5.1 Fighting
 + Level 5.2 Axes
 + Level 4.3 Armour
 + Level 3.4 Dodging


You had 5 spell levels left.
You didn't know any spells.

Dungeon Overview and Level Annotations

Branches:
Dungeon (3/15)

Altars:
Xom

Annotations:
D:3 Natasha


Innate Abilities, Weirdness & Mutations

((You reflexively headbutt those who attack you in melee.))
((You have a pair of horns on your head.))


Message History

Butt barely miss the white imp!
Natasha drinks a potion!
Natasha is healed!!!
The white imp hits you but does no damage!
Natasha claws you! * * * don't die
* * * Unknown command!
You open Natasha like a pillowcase!
Natasha is heavily wounded!
You carve the white imp like a ham!
The white imp hits butt but does no damage!
Natasha claws you but does no damage!
The white imp hits you but does no damage!
Natasha claws you! * * * don't die
* * * Unknown command!
You closely miss Natasha!
Natasha butts heavily butt!
You chop the white imp but do no damage!
The white imp gestures at you! The puff of frost hits you!!! rip

#.....#
#######....##.......
#.....#
#.....#....###'#####
#!(...#....#....#
#.....#....#....#
#...$.#....#....#
######.....#....#....#
...........#....#....#
.........5†###'##.)..####
........♣.)..............
.........h..............#
#########........##'#.(.#
#........##.#####
#........##.## #
#######(.....# # #5.....#
# #......# # #......####


You could see Natasha and a white imp.

Vanquished Creatures
  The ghost of asdu the Stinger, an amateur DgVM (D:3)
  An orc priest (D:3)
  Natasha (D:3)
  3 adders
  A worm (D:3)
  3 dart slugs
  3 leopard geckos
  8 orcs (D:3)
  7 bats
  3 giant cockroaches
  7 goblins
  5 hobgoblins
  6 jackals
  14 kobolds
  A quokka (D:3)
  2 ball pythons
  4 frilled lizards
  8 rats
78 creatures vanquished.

Vanquished Creatures (others)
  An orc (D:3)
1 creature vanquished.

Grand Total: 79 creatures vanquished

Notes
Turn   | Place    | Note
-------+----------+-------------------------------------------
     0 | D:1      | Gorglomux the Minotaur Chaos Knight began the quest for the Orb.
     0 | D:1      | Reached XP level 1. HP: 19/19 MP: 0/0
    14 | D:1      | XOM: harmless Erth miscast
    47 | D:1      | XOM: harmless Conj miscast
    52 | D:1      | Reached XP level 2. HP: 27/27 MP: 1/1
    75 | D:1      | Fell from the grace of Xom
   269 | D:1      | XOM: mild Summ miscast
   523 | D:1      | Reached skill level 3 in Armour
   525 | D:1      | Reached XP level 3. HP: 33/33 MP: 2/2
  1087 | D:2      | XOM: medium Pois miscast
  1189 | D:2      | XOM: scenery: create altars
  1348 | D:3      | Noticed asdu's ghost (amateur DgVM)
  1365 | D:3      | Killed asdu's ghost
  1365 | D:3      | Reached skill level 3 in Dodging
  1365 | D:3      | Reached XP level 4. HP: 15/41 MP: 3/3
  1365 | D:3      | Reached XP level 5. HP: 17/47 MP: 4/4
  1706 | D:3      | XOM: mild Erth miscast
  2194 | D:3      | Noticed Natasha
  2199 | D:3      | Killed Natasha
  2199 | D:3      | Reached XP level 6. HP: 38/56 MP: 5/5
  2202 | D:3      | Noticed Natasha
  2225 | D:3      | HP: 4/84 [Natasha (3)]
  2226 | D:3      | Killed from afar by a white imp

Vault maps used:
D:1:      dpeg_arrival_lava_altar
D:2:      hangedman_decor_clover_reticule
D:3:      uniq_natasha

Skill      XL: |  1  2  3  4  5 |
---------------+----------------+-----
Fighting       | 4 5 |  5.1
Axes           | 4 5 |  5.2
Armour         | 3 4 |  4.3
Dodging        | 3 |  3.4

Action                   |  1- 3 |  4- 6 || total
-------------------------+-------+-------++-------
Melee: Hand axe          |    94 |    91 ||   185
       Headbutt          |     9 |    13 ||    22
Throw: Javelin           |       |     1 ||     1
Invok: Renounce Religion |     1 |       ||     1
  Use: Scroll            |     5 |       ||     5
       Potion            |       |     2 ||     2
  Eat: Chunk             |     1 |     3 ||     4
Armor: Leather armour    |    40 |    21 ||    61
       Skin              |       |    18 ||    18
Dodge: Dodged            |    77 |    60 ||   137

Table legend:
 A = Spawn XP
 B = Non-spawn XP
 C = Spawn XP percentage of total XP
 D = Spawn monster count
 E = Non-spawn monster count
 F = Spawn count percentage of total count
 G = Total turns spent on level
                    A         B        C        D         E        F      G
               +---------+---------+-------+---------+---------+-------+---------
         Total |       0 |     434 |   0.0 |       0 |      79 |   0.0 |  2226
               +---------+---------+-------+---------+---------+-------+---------
           D:1 |       0 |      45 |   0.0 |       0 |      23 |   0.0 |   754
           D:2 |       0 |      46 |   0.0 |       0 |      21 |   0.0 |   594
           D:3 |       0 |     343 |   0.0 |       0 |      35 |   0.0 |   878
               +---------+---------+-------+---------+---------+-------+---------
